[Event "*** Titled Tuesday 3|2 Blitz"]
[Site "Chess.com"]
[Date "2015.12.01"]
[Round "1"]
[White "GrigorGrigorov"]
[Black "yopino"]
[Result "1-0"]
[WhiteElo "2537"]
[BlackElo "2208"]
[TimeControl "180+2"]
[EndTime "17:03:05 PST"]
[Termination "GrigorGrigorov won by resignation"]

1. d4 Nf6 2. c4 e6 3. Nf3 Bb4+ 4. Bd2 Qe7 5. g3 Nc6 6. Nc3 Bxc3 7. Bxc3 Ne4 8. Qc2 Nxc3 9. Qxc3 d6 10. Bg2 O-O 11. O-O e5 12. d5 Nb8 13. c5 a5 14. Rfc1 Bg4 15. Rc2 a4 16. cxd6 cxd6 17. Qb4 Na6 18. Qxg4 1-0

[Event "*** Titled Tuesday 3|2 Blitz"]
[Site "Chess.com"]
[Date "2015.12.01"]
[Round "1"]
[White "bugsbunny444"]
[Black "Colombiano07"]
[Result "1-0"]
[WhiteElo "2355"]
[BlackElo "2103"]
[TimeControl "180+2"]
[EndTime "17:03:49 PST"]
[Termination "bugsbunny444 won by resignation"]

1. Nf3 g6 2. e4 Bg7 3. d4 c5 4.
dxc5 Qa5+ 5. Nc3 Qxc5 6. Nd5 b6 7. Be3 Qc6 8. Bb5 Qb7 9. Bd4 Nf6 10. Nxf6+ Bxf6 11. Bxf6 Qxe4+ 12. Kf1 exf6 13. Qd6 Kd8 14. Qxf6+ Kc7 15. Qxh8 1-0

[Event "*** Titled Tuesday 3|2 Blitz"]
[Site "Chess.com"]
[Date "2015.12.01"]
[Round "1"]
[White "dretch"]
[Black "Thomaslegend"]
[Result "1-0"]
[WhiteElo "2411"]
[BlackElo "2125"]
[TimeControl "180+2"]
[EndTime "17:05:07 PST"]
[Termination "dretch won by resignation"]

1. d4 Nf6 2. c4 g6 3. Nc3 d5 4.
Bf4 Bg7 5. e3 O-O 6. Rc1 Be6 7.
c5 c6 8. Bd3 Bc8 9. h3 Nfd7 10.
Bg5 Re8 11. Nf3 Qc7 12. O-O e5 13. dxe5 Nxe5 14. Bf4 Qe7 15. Nxe5 Bxe5 16. Bxe5 Qxe5 17. e4 d4 18. Ne2 Be6 19. f4 Qg7 20. f5 gxf5 21.
exf5 Bxa2 22. Rf4 Qe5 23. Re4 Qxe4 24. Bxe4 Rxe4 25. Ng3 Rf4 26. Qd2 1-0

[Event "*** Titled Tuesday 3|2 Blitz"]
[Site "Chess.com"]
[Date "2015.12.01"]
[Round "1"]
[White "HustleStandard"]
[Black "Carolina-moon"]
[Result "1-0"]
[WhiteElo "2352"]
[BlackElo "2045"]
[TimeControl "180+2"]
[EndTime "17:05:15 PST"]
[Termination "HustleStandard won by resignation"]

1. d4 f5 2. Nf3 Nf6 3. c4 g6 4. Nc3 Bg7 5. Bf4 d6 6. e3 O-O 7. Be2 Nc6 8. d5 e5 9. dxe6 Bxe6 10. O-O Nh5 11. Bg5 Qe8 12. Qc2 Qf7 13. Bh4 h6 14.
Nd5 g5 15. Bg3 Nxg3 16. hxg3 Ne5 17. Nd4 c6 18. Nxe6 Qxe6 19. Nc7 Qf6 20. Nxa8 Rxa8 21. f4 gxf4 22. gxf4 Nd7 23. Rad1 Nc5 24. Bd3 Re8 25. Rf3 Qf7 26. Bxf5 a5 27. Bg6 1-0

[Event "*** Titled Tuesday 3|2 Blitz"]
[Site "Chess.com"]
[Date "2015.12.01"]
[Round "1"]
[White "chessbia"]
[Black "kungmongmanh"]
[Result "0-1"]
[WhiteElo "2103"]
[BlackElo "2388"]
[TimeControl "180+2"]
[EndTime "17:05:26 PST"]
[Termination "kungmongmanh won by resignation"]

1. d4 d5 2. c4 c6 3. cxd5 cxd5 4. Bf4 a6 5. Nc3 Nc6 6. e3 Nf6 7. Bd3 e6 8. Rc1 Bd6 9. Bxd6 Qxd6 10. f4 O-O 11.
Nf3 b5 12. O-O Bb7 13. Ne5 Rac8 14. Qf3 Na5 15. g4 Nc4 16. Qh3 Nxb2 17. Bb1 Ne4 18.
Nxe4 dxe4 19. Qg2 Na4 20. Bxe4 Bxe4 21. Qxe4 Nc3 22. Qg2 Nd5 23. Qd2 Qa3 24. Kf2 Nc3 25. Kf3 b4 26. Rc2 a5 27. Nd7 Rfd8 28. Nb6 Rc6 29.
Rb1 Rxb6 30. Rxc3 bxc3 31. Qc2 Rxb1 0-1

[Event "*** Titled Tuesday 3|2 Blitz"]
[Site "Chess.com"]
[Date "2015.12.01"]
[Round "1"]
[White "StellarChessPro"]
[Black "norwaytoadog"]
[Result "1-0"]
[WhiteElo "2264"]
[BlackElo "1908"]
[TimeControl "180+2"]
[EndTime "17:05:54 PST"]
[Termination "StellarChessPro won by resignation"]

1. d4 Nf6 2. Bg5 d5 3. Nd2 c6 4. Ngf3 Bf5 5. e3 Nbd7 6. c4 e6 7. Be2 Be7 8. O-O h6 9. Bf4 O-O 10. Rc1 Bh7 11. Qb3 Qc8 12. Ne5 Nxe5 13. Bxe5 Nd7 14. Bg3 Nb6 15. Bf3 Qd7 16. a4 dxc4 17.
Nxc4 Nxc4 18. Rxc4 Bd8 19. h3 Ba5 20. Rfc1 Rac8 21.
Qa3 Bc7 22. Bxc7 Rxc7 23. b4 Rcc8 24. Qc3 Rcd8 25. Rc5 Qd6 26. b5 cxb5 27. axb5 Rfe8 28. Bxb7 Bg6 29. Bc6 Re7 30. Qa3 Kh7 31. R5c3 Qb8 32. Qxe7 1-0

[Event "*** Titled Tuesday 3|2 Blitz"]
[Site "Chess.com"]
[Date "2015.12.01"]
[Round "1"]
[White "Hikaru"]
[Black "ZEN-22"]
[Result "1-0"]
[WhiteElo "2908"]
[BlackElo "2270"]
[TimeControl "180+2"]
[EndTime "17:06:03 PST"]
[Termination "Hikaru won by resignation"]

1. e4 c5 2. Nf3 Nc6 3. d4 cxd4 4.
Nxd4 Nf6 5. Nc3 d6 6. Be3 e6 7.
f4 Be7 8. Qf3 Bd7 9. O-O-O Nxd4 10. Bxd4 Bc6 11. g4 e5 12. Bxe5 dxe5 13. Rxd8+ Rxd8 14. Bb5 Bxb5 15. Nxb5 exf4 16. e5 Nd7 17. e6 Ne5 18.
exf7+ Kf8 19. Qxf4 Ng6 20. Qe4 Kxf7 21. Rf1+ Ke8 22.
Nc7+ Kd7 23. Qxb7 Rb8 24. Rd1+ Bd6 25. Qd5 Kxc7 26. Qxd6+ Kb7 27. Qd7+ Ka8 28. Qc6+ Rb7 29. Rd7 Rb8 30. Rxg7 Ne5 31. Qg2 a6 32. Rxh7 Ka7 33. Qf2+ Ka8 34. Rxb7 Rxb7 35. Qf8+ Rb8 36. Qd6 Re8 37.
Qxa6+ Kb8 38. Qb5+ 1-0

[Event "*** Titled Tuesday 3|2 Blitz"]
[Site "Chess.com"]
[Date "2015.12.01"]
[Round "1"]
[White "ilmago"]
[Black "Chakraborty-ARZ"]
[Result "0-1"]
[WhiteElo "1923"]
[BlackElo "2282"]
[TimeControl "180+2"]
[EndTime "17:06:05 PST"]
[Termination "Chakraborty-ARZ won by resignation"]

1. e4 c6 2. d4 d5 3. Nc3 dxe4 4. Nxe4 Bf5 5. Ng3 Bg6 6. h4 h6 7. Nf3 Nd7 8. h5 Bh7 9. Bd3 Bxd3 10. Qxd3 e6 11. Bf4 Qa5+ 12. Bd2 Bb4 13. c3 Be7 14. Ne4 Ngf6 15. c4 Qc7 16. O-O-O Nxe4 17. Qxe4 Nf6 18.
Qe2 b5 19. Ne5 O-O 20. Bf4 Qb7 21. Rh3 bxc4 22. Qxc4 Nd5 23. Bd2 c5 24. Rg3 Kh8 25.
Kb1 Rab8 26. Qc1 cxd4 27. Bxh6 Bf6 28. Ng4 Nc3+ 29. Rxc3 dxc3 30. Nxf6 Qxb2+ 31. Qxb2 Rxb2+ 32. Kc1 gxh6 33. Ng4 Rxa2 34. Rd3 Rc8 35. Nxh6 Kg7 36. Ng4 c2 37. Ne3 Ra1+ 0-1

[Event "*** Titled Tuesday 3|2 Blitz"]
[Site "Chess.com"]
[Date "2015.12.01"]
[Round "1"]
[White "JustKid"]
[Black "Ar4uha"]
[Result "0-1"]
[WhiteElo "2103"]
[BlackElo "2361"]
[TimeControl "180+2"]
[EndTime "17:06:10 PST"]
[Termination "Ar4uha won by resignation"]

1. d4 Nf6 2. c4 e6 3. Nf3 b6 4.
Bf4 Bb7 5. e3 Bb4+ 6. Nc3 Ne4 7.
Qc2 O-O 8. Bd3 f5 9. a3 Bxc3+ 10. bxc3 g5 11. Bg3 d6 12. Nd2 Nxd2 13. Qxd2 Nd7 14. f3 e5 15. Qc2 Qf6 16. O-O Rae8 17. Bf2 Kg7 18. Rae1 Qe6 19. e4 f4 20. Kh1 Nf6 21. Qa4 a6 22. c5 bxc5 23. dxc5 g4 24. Qc4 d5 25. exd5 Bxd5 26. Qxa6 gxf3 27. g3 fxg3 28. Bxg3 f2+ 0-1

[Event "*** Titled Tuesday 3|2 Blitz"]
[Site "Chess.com"]
[Date "2015.12.01"]
[Round "1"]
[White "BellJackson95"]
[Black "1stSecond"]
[Result "0-1"]
[WhiteElo "2165"]
[BlackElo "2475"]
[TimeControl "180+2"]
[EndTime "17:06:39 PST"]
[Termination "1stSecond won by resignation"]

1. d4 Nf6 2. Nc3 d5 3. Bf4 Nbd7 4. Nb5 e5 5. dxe5 a6 6. exf6 axb5 7. fxg7 Bxg7 8. c3 b4 9. Bd2 O-O 10. Nf3 Nb6 11. e3 Nc4 12. Bxc4 dxc4 13. O-O Bg4 14. a3 Ra6 15. Qe2 Rg6 16. Rfd1 Qf6 17. Kf1 Rh6 18. h3 Rxh3 19. gxh3 Bxf3 20. Qxc4 Qg6 21. Ke1 b3 22. Qf1 Rd8 23. Rac1 Kh8 24. a4 Qe4 25. c4 Bxb2 26. Rb1 Rxd2 27. Kxd2 Qc2+ 28. Ke1 Bc3+ 0-1

[Event "*** Titled Tuesday 3|2 Blitz"]
[Site "Chess.com"]
[Date "2015.12.01"]
[Round "1"]
[White "Fh2411"]
[Black "the_drake"]
[Result "0-1"]
[WhiteElo "2288"]
[BlackElo "1991"]
[TimeControl "180+2"]
[EndTime "17:06:48 PST"]
[Termination "the_drake won by checkmate"]

1. e4 e5 2. Nf3 Nc6 3. Bc4 Bc5 4. c3 Nf6 5. d3 a6 6. O-O h6 7. d4 Bd6 8. dxe5 Bxe5 9. Bd5 Qe7 10. Re1 Nd8 11. Bb3 O-O 12. Nxe5 Qxe5 13. f4 Qh5 14. e5 Qxd1 15. Rxd1 Ne4 16. Be3 Ne6 17. Nd2 Nxd2 18. Rxd2 Nd8 19. Rad1 Nc6 20. Bd5 Ne7 21. Be4 f5 22.
Bf3 Kf7 23. Rxd7 Bxd7 24. Rxd7 Ke6 25. Rxc7 Nd5 26. Bxd5+ Kxd5 27. Rxg7 Ke4 28. Kf2 b5 29. g3 Rad8 30. Bd4 b4 31. Rg6 bxc3 32. Bxc3 Rd3 33. Rxa6 Rf3+ 34. Kg2 Rd3 35. Rxh6 Ra8 36. a3 Rd1 37. Rb6 Rc1 38. Rb4+ Ke3 39. e6 Rc2+ 40. Kf1 Rd8 41. e7 Rd1+ 42. Be1 Rf2+ 43. Kg1 Rxe1# 0-1

[Event "*** Titled Tuesday 3|2 Blitz"]
[Site "Chess.com"]
[Date "2015.12.01"]
[Round "1"]
[White "mc4chess"]
[Black "JustaTrickstar"]
[Result "0-1"]
[WhiteElo "2162"]
[BlackElo "2461"]
[TimeControl "180+2"]
[EndTime "17:06:56 PST"]
[Termination "JustaTrickstar won on time"]

1. c4 f5 2. Nc3 Nf6 3. g3 g6 4. Bg2 Bg7 5. h4 c6 6. d3 d6 7. Nh3 e5 8. e4 Na6 9. Be3 Ng4 10. Qd2 Nxe3 11. Qxe3 O-O 12. O-O-O f4 13. gxf4 exf4 14. Qe2 Bxc3 15. bxc3 Qf6 16. Qd2 f3 17. Bf1 Qxh4 18. Qe3 Nc5 19. Qd4 Qf6 20. Rg1 Qxd4 21. cxd4 Ne6 22. d5 Nd4 23. Kd2 c5 24. Ke3 Bd7 0-1

[Event "*** Titled Tuesday 3|2 Blitz"]
[Site "Chess.com"]
[Date "2015.12.01"]
[Round "1"]
[White "Boryboy"]
[Black "AdrianaNikolova"]
[Result "1-0"]
[WhiteElo "2517"]
[BlackElo "2194"]
[TimeControl "180+2"]
[EndTime "17:07:03 PST"]
[Termination "Boryboy won by checkmate"]

1. d4 d5 2. Nf3 Nf6 3. c4 c6 4. g3 Bg4 5. Bg2 Bxf3 6. Bxf3 e6 7. Qc2 Nbd7 8. O-O Bd6 9. Nd2 Qc7 10. e4 dxe4 11.
Nxe4 Nxe4 12. Bxe4 Nf6 13. Bf3 h5 14. c5 Be7 15. b4 a6 16. a4 h4 17. Rb1 hxg3 18.
hxg3 Rd8 19. Rd1 Nd5 20. b5 axb5 21. axb5 Qd7 22. bxc6 bxc6 23. Kg2 e5 24. Rh1 Rxh1 25. Kxh1 Qh3+ 26. Kg1 exd4 27. Rb7 g6 28. Qe4 Qe6 29.
Qxd4 Qe1+ 30. Kg2 Qxc1 31. Qh8+ Bf8 32. Qe5+ Be7 33. Bxd5 Qg5 34. Qh8+ Bf8 35. Bxf7# 1-0

[Event "*** Titled Tuesday 3|2 Blitz"]
[Site "Chess.com"]
[Date "2015.12.01"]
[Round "1"]
[White "gumersindo"]
[Black "Konavets"]
[Result "0-1"]
[WhiteElo "2199"]
[BlackElo "2527"]
[TimeControl "180+2"]
[EndTime "17:07:15 PST"]
[Termination "Konavets won by resignation"]

1. d4 b5 2. e3 Bb7 3. Nf3 a6 4. a4 b4 5. Nbd2 Nf6 6. Be2 e6 7. O-O g5 8. c4 g4 9. Ne1 h5 10.
f3 g3 11. h3 d5 12. c5 Nc6 13. Nd3 Nd7 14. f4 h4 15. Nf3 f5 16. Nfe5 Ndxe5 17. fxe5 Qd7 18. Bh5+ Kd8 19. Nf4 a5 20. Be2 Bh6 21.
Bb5 Kc8 22. Qd3 Kb8 23. Bd2 Rg8 24. Rac1 Qe7 25. Nh5 Ka7 26. Nf6 Rg6 27. Nh5 Rag8 28.
Nf4 R6g7 29. Ra1 Nb8 30. Qe2 c6 31. Bd3 Nd7 32. Qe1 Nf8 33. Bxb4 axb4 34. Qxb4 Qd8 35. a5 Bxf4 36. exf4 Bc8 37. a6 Qc7 38. Rfc1 Qb8 39. Qa3 Ng6 40. Rc3 Nxf4 41. Rb3 Bd7 42.
Rxb8 Rxb8 43. Bf1 Be8 44. b4 Ng6 45. b5 cxb5 46. c6 Bxc6 47. Qc5+ Rb6 48. Be2 Rd7 49.
Bh5 Nf4 50. Be8 Rc7 51. Qd6 Rc8 52. Qe7+ Ka8 53. Bxc6+ Rcxc6 54. Qf8+ Rb8 55. Qe7 b4 56. a7 Rbc8 0-1

[Event "*** Titled Tuesday 3|2 Blitz"]
[Site "Chess.com"]
[Date "2015.12.01"]
[Round "1"]
[White "MattyDPerrine"]
[Black "Anton_Demchenko"]
[Result "0-1"]
[WhiteElo "2235"]
[BlackElo "2674"]
[TimeControl "180+2"]
[EndTime "17:07:29 PST"]
[Termination "Anton_Demchenko won on time"]

1. d4 Nf6 2. c4 g6 3. Nf3 Bg7 4. g3 O-O 5. Bg2 d6 6. O-O Nbd7 7. Nc3 e5 8. e4 exd4 9. Nxd4 Re8 10. Re1 Nc5 11.
h3 a5 12. Qc2 a4 13. Rb1 c6 14. b4 axb3 15. axb3 h6 16. Be3 Qe7 17. b4 Ne6 18.
Nde2 Ng5 19. Nf4 Nd7 20. Nd3 Ra3 21. Rb3 Rxb3 22. Qxb3 Ne5 23. Nxe5 Qxe5 24. Bxg5 hxg5 25. Ne2 Be6 26. Qc2 Ra8 27. Rd1 Ra1 28. f4 gxf4 29.
gxf4 Qb2 0-1

[Event "*** Titled Tuesday 3|2 Blitz"]
[Site "Chess.com"]
[Date "2015.12.01"]
[Round "1"]
[White "Po6Don"]
[Black "MisaPap"]
[Result "0-1"]
[WhiteElo "1994"]
[BlackElo "2348"]
[TimeControl "180+2"]
[EndTime "17:07:42 PST"]
[Termination "MisaPap won on time"]

1. e4 c5 2. c3 g6 3. d4 cxd4 4. cxd4 d5 5. e5 Nc6 6. Nf3 Nh6 7. h3 Bg7 8. Nc3 O-O 9. Bf4 f6 10. Qd2 Nf7 11. exf6 exf6 12. Be2 Be6 13. O-O Nd6 14. Rfe1 Re8 15. Rac1 Ne4 16. Qd1 Qd7 17. Bd3 f5 18. Bb5 a6 19. Bxc6 bxc6 20. Ne5 Qb7 21. Nxe4 dxe4 22. b3 Bd5 23. Nc4 Red8 24. Be5 Bh6 25. Rc3 c5 26. Nd6 Qe7 27. Rxc5 Rxd6 28. Bxd6 Qxd6 29.
Qc2 Rd8 30. Rc8 Bg7 31. Rd1 h5 32. Qc5 Qd7 33. Rc7 Qe6 34. Re7 Qd6 35. Re8+ Kh7 36. Rxd8 Qxd8 37. Rc1 f4 38. Qa7 e3 39. Rc7 Qf6 40.
Qxa6 Qxa6 0-1

[Event "*** Titled Tuesday 3|2 Blitz"]
[Site "Chess.com"]
[Date "2015.12.01"]
[Round "1"]
[White "Kacparov"]
[Black "cheese111"]
[Result "1/2-1/2"]
[WhiteElo "2510"]
[BlackElo "2205"]
[TimeControl "180+2"]
[EndTime "17:07:48 PST"]
[Termination "Game drawn by agreement"]

1. e4 e5 2. Nf3 Nc6 3. Bc4 Nf6 4.
d3 Bc5 5. c3 d6 6. Bb3 O-O 7.
Nbd2 a6 8. h3 Be6 9. Bc2 d5 10.
Qe2 Re8 11. Nf1 Qd7 12. Ng3 Rad8 13. Ng5 Ba7 14. Nxe6 Qxe6 15. O-O Ne7 16. Kh1 Ng6 17. Nf5 Nf4 18. Qf3 Rd7 19. g3 Ng6 20. Bg5 h6 21.
Nxh6+ gxh6 22. Bxf6 Qxh3+ 23. Kg1 dxe4 24. dxe4 Rd2 25.
Bb3 Nf4 26. Rae1 Nd3 27. Bxf7+ Kxf7 28. Bg5+ Nf4 29. Bxf4 exf4 30. Qxf4+ Kg8 31. Qxd2 Qxg3+ 32. Kh1 Qh3+ 33. Kg1 Qg3+ 34. Kh1 Qh3+ 1/2-1/2

[Event "*** Titled Tuesday 3|2 Blitz"]
[Site "Chess.com"]
[Date "2015.12.01"]
[Round "1"]
[White "jefferyx"]
[Black "Cararay"]
[Result "1-0"]
[WhiteElo "2569"]
[BlackElo "2213"]
[TimeControl "180+2"]
[EndTime "17:07:52 PST"]
[Termination "jefferyx won by resignation"]

1. b4 d5 2. e3 Nf6 3. Bb2 a5 4. b5 c5 5. a4 b6 6. Nf3 Bf5 7. Be2 h6 8. Ne5 e6 9. g4 Bh7 10. h4 Nbd7 11. Nc6 Qc7 12. g5 Ng8 13. Bh5 e5 14.
Qf3 g6 15. Bg4 f5 16. gxf6 Ngxf6 17. Bxd7+ Nxd7 18. Qxd5 Bg7 19. Qe6+ Kf8 20. Qe7+ Kg8 21. Nc3 Bf8 22. Qe6+ Kg7 23. Ne4 Bg8 24. Qg4 Bf7 25. f4 Re8 26. Rg1 Rg8 27. fxe5 Nxe5 28. Nxe5 Rxe5 29.
Qf4 1-0

[Event "*** Titled Tuesday 3|2 Blitz"]
[Site "Chess.com"]
[Date "2015.12.01"]
[Round "1"]
[White "ItalianMachine"]
[Black "Yaacovn"]
[Result "0-1"]
[WhiteElo "2223"]
[BlackElo "2627"]
[TimeControl "180+2"]
[EndTime "17:07:53 PST"]
[Termination "Yaacovn won by resignation"]

1. e4 c6 2. d4 d5 3. exd5 cxd5 4. Nf3 Nf6 5. Bd3 Nc6 6. c3 Bg4 7. Nbd2 e6 8. h3 Bh5 9. Qb3 Qc7 10. g4 Bg6 11.
Bb5 Bd6 12. Nf1 O-O 13. Bxc6 bxc6 14. Ne3 Be4 15. Qd1 c5 16. O-O cxd4 17. cxd4 Rfc8 18. Bd2 h6 19. Bc3 Nh7 20. Ne5 Bxe5 21. dxe5 Ng5 22. f4 Qb6 23. Bd4 Nf3+ 24. Rxf3 Bxf3 25. Qd2 Qa6 26. Kf2 Be4 27. a3 Rc7 28. Rg1 Rac8 29. Bc3 Qa4 30. Kg3 Bh7 31. h4 Be4 32. f5 Rxc3 33.
bxc3 Qxa3 34. Rc1 d4 35. Nd1 exf5 36. Nf2 Rxc3+ 37. Rxc3 Qxc3+ 38. Qxc3 dxc3 0-1

[Event "*** Titled Tuesday 3|2 Blitz"]
[Site "Chess.com"]
[Date "2015.12.01"]
[Round "1"]
[White "MMSANCHEZ"]
[Black "ethylalcohol"]
[Result "1-0"]
[WhiteElo "2320"]
[BlackElo "1919"]
[TimeControl "180+2"]
[EndTime "17:08:15 PST"]
[Termination "MMSANCHEZ won on time"]

1. d4 d5 2. Nf3 Nf6 3. c4 e6 4.
g3 b6 5. Qa4+ Bd7 6. Qc2 Nc6 7.
a3 Rc8 8. Bg2 Na5 9. cxd5 exd5 10. O-O Nc4 11. b3 Nd6 12. Nc3 Be7 13. Ne5 c5 14.
Nxd5 Nxd5 15. Bxd5 cxd4 16. Qd2 O-O 17. Qxd4 Bf6 18.
Bb2 Bh3 19. Rfd1 Qe7 20. f4 Nf5 21. Qd3 Qc5+ 22. Kh1 Rcd8 23. Rac1 Qf2 24. Qf3 Qxf3+ 25. Bxf3 Ne3 26. Rxd8 Rxd8 27. Bc3 h6 28. Kg1 Nd1 29.
Be1 Ne3 30. Kf2 Bf5 31. Kxe3 Re8 32. Bc3 Be6 33. b4 g5 34. Kf2 gxf4 35. gxf4 Bh4+ 36. Ke3 f6 37. Rg1+ 1-0

[Event "*** Titled Tuesday 3|2 Blitz"]
[Site "Chess.com"]
[Date "2015.12.01"]
[Round "1"]
[White "MITerryble"]
[Black "dawnrule"]
[Result "1-0"]
[WhiteElo "2586"]
[BlackElo "2220"]
[TimeControl "180+2"]
[EndTime "17:08:53 PST"]
[Termination "MITerryble won by resignation"]

1. d4 Nf6 2. Nf3 e6 3. c4 b6 4. g3 Ba6 5. Qa4 Be7 6. Bg2 Bb7 7. O-O O-O 8. Nc3 d5 9. Ne5 c6 10. Rd1 Nfd7 11. Nxd7 Nxd7 12. e4 dxc4 13. Qxc4 Nf6 14.
Bf4 Qd7 15. Rd2 Rac8 16. Rad1 Rfd8 17. Qb3 Qe8 18. h3 Rd7 19. g4 Qd8 20. Be3 Ne8 21. f4 Nc7 22. a3 Na6 23. f5 exf5 24. gxf5 c5 25. d5 Bg5 26. Nb5 c4 27. Bxg5 Qxg5 28.
Qf3 Nc5 29. Nxa7 Re8 30. Re2 Nd3 31. Nb5 h5 32. Nc3 Nf4 33. Rf2 Nd3 34. Rff1 Ne5 35. Qf4 Qe7 36. f6 Qc5+ 37. Kh1 Ng6 38. Qg5 Re5 39. Rf5 Rxf5 40. exf5 gxf6 41. Qxf6 Qe7 42. Ne4 Nf8 43. d6 Qe8 44. Qg5+ Kh8 45. Qh6+ Nh7 46. Qxh7+ Kxh7 47. Nf6+ Kg7 48. Nxe8+ Kf8 49. Nf6 Bxg2+ 50. Kxg2 Rd8 51. Kf3 h4 52. Kf4 b5 53. Ke5 Kg7 54.
Rg1+ Kh6 55. Rg8 c3 56. bxc3 Rxg8 57. Nxg8+ Kg7 58. Nf6 1-0

[Event "*** Titled Tuesday 3|2 Blitz"]
[Site "Chess.com"]
[Date "2015.12.01"]
[Round "1"]
[White "Dlugy"]
[Black "IM_Chessbrain"]
[Result "1-0"]
[WhiteElo "2505"]
[BlackElo "2190"]
[TimeControl "180+2"]
[EndTime "17:09:02 PST"]
[Termination "Dlugy won by checkmate"]

1. d4 Nf6 2. Bf4 g6 3. Nc3 d5 4. Qd2 Bg7 5. f3 O-O 6. Bh6 c5 7. Bxg7 Kxg7 8. dxc5 Na6 9. O-O-O e6 10. e4 Nxc5 11. exd5 exd5 12. Nxd5 Be6 13. Nxf6 Qxf6 14. Qd4 Qxd4 15. Rxd4 Bxa2 16. Ne2 Rac8 17. Nc3 Be6 18. Be2 a6 19. Rhd1 Rc7 20. Kb1 Rfc8 21. Nd5 Bxd5 22. Rxd5 Na4 23. R1d2 Rc6 24. R5d4 Nb6 25. b3 R8c7 26.
f4 Re6 27. Bf3 Nc8 28. Rd7 Re7 29. Rxe7 Nxe7 30. g4 h6 31. Kb2 g5 32. fxg5 hxg5 33. Be4 Kf6 34. Re2 Nc8 35. c4 a5 36. Bc2 a4 37. Rf2+ Kg7 38. bxa4 Rxc4 39. Bb3 Rc7 40. Rf5 Kg6 41. Bc2 Kh6 42. a5 Re7 43.
Rb5 f6 44. Kc3 Kg7 45. Kd4 Rd7+ 46. Rd5 Rc7 47. Be4 b6 48. a6 Ra7 49. Rd8 Ne7 50. Ra8 Rxa8 51. Bxa8 Nc8 52. Bb7 Na7 53. Kd5 Kf8 54. Kd6 b5 55. Kc5 b4 56. Kb6 Ke7 57. Kxa7 b3 58. Kb6 b2 59. Be4 f5 60. Bxf5 Kf6 61. a7 Kg7 62. a8=Q Kh6 63. Qf8# 1-0

[Event "*** Titled Tuesday 3|2 Blitz"]
[Site "Chess.com"]
[Date "2015.12.01"]
[Round "1"]
[White "Penguininja"]
[Black "jcibarra"]
[Result "0-1"]
[WhiteElo "2193"]
[BlackElo "2507"]
[TimeControl "180+2"]
[EndTime "17:09:08 PST"]
[Termination "jcibarra won by resignation"]

1. d4 Nf6 2. c4 d6 3. Nf3 g6 4.
Nc3 Bf5 5. Bg5 Ne4 6. Bh4 Nxc3 7. bxc3 Bg7 8. e3 O-O 9. Be2 c5 10. O-O Nc6 11. Bg3 Rc8 12. Nh4 Bd7 13. Bg4 f5 14. Be2 Na5 15. Bf3 b6 16. Be2 cxd4 17. cxd4 Nxc4 18.
Nf3 b5 19. a4 bxa4 20. Qc2 Bb5 21. Rfb1 a6 22. Rxa4 Bxa4 23. Bxc4+ d5 24. Bxd5+ Qxd5 25. Qxa4 Qc4 26. Qa3 Bf6 27. h3 Ra8 28. Rc1 Qd5 29. Rc5 Qd7 30. Rc7 Qb5 31. Qa2+ Kh8 32. Be5 Rac8 33.
Rxe7 Qc4 34. Qa5 Kg8 35. Qb6 Qc6 36. Qa7 Ra8 37. Rg7+ Kh8 38. Rxh7+ Kg8 39. Qb7 Qxb7 40. Rxb7 a5 41. Rb3 a4 42. Ra3 Be7 43. Ra2 a3 44.
d5 Rfd8 45. Nd4 Rxd5 46. Bf4 Bf6 0-1

[Event "*** Titled Tuesday 3|2 Blitz"]
[Site "Chess.com"]
[Date "2015.12.01"]
[Round "1"]
[White "Assasin14"]
[Black "oskariot"]
[Result "0-1"]
[WhiteElo "1885"]
[BlackElo "2254"]
[TimeControl "180+2"]
[EndTime "17:09:14 PST"]
[Termination "oskariot won by resignation"]

1. e4 c5 2. Nf3 d6 3. d4 cxd4 4. Nxd4 Nf6 5. Nc3 Nc6 6. Bc4 e6 7. Bb3 Be7 8. O-O O-O 9. Be3 a6 10. f4 Nxd4 11. Bxd4 b5 12. a3 Bb7 13. Qd3 Rc8 14. Rad1 Qc7 15. f5 e5 16. Bf2 Qa5 17.
Bh4 Rxc3 18. bxc3 Bxe4 19. Qg3 Qb6+ 20. Kh1 Qc6 21. Rf2 Nh5 22. Qg4 Bxh4 23. Qxh4 Nf4 24. Qg3 d5 25. h4 Kh8 26. Qg5 Nh3 27. Qg3 Nxf2+ 28. Qxf2 f6 29. Qe3 Rc8 30. Kg1 Qxc3 31.
Qxc3 Rxc3 32. Bxd5 Bxd5 33. Rxd5 h5 34. Rd8+ Kh7 35.
Rd6 Rxa3 36. c4 bxc4 37. Rc6 c3 38. Kf2 Kg8 39. Ke3 c2+ 40. Kd2 Rg3 41. Kxc2 Rxg2+ 42. Kb3 Rf2 43. Rxa6 Rxf5 44. Kc4 Rf4+ 45. Kd5 e4 46. Ra4 Kf7 47. Kd6 Rxh4 48. Ra7+ Kg6 49. Ke6 e3 50. Ra3 Re4+ 51. Kd5 Re5+ 52. Kd4 e2 53.
Ra1 e1=Q 54. Rxe1 Rxe1 55. Kd3 h4 56. Kc4 Re8 57. Kd4 h3 58. Kd5 h2 59. Kc5 h1=Q 60.
Kd6 Qd1+ 61. Kc5 Re2 62. Kc4 Rc2+ 0-1

[Event "*** Titled Tuesday 3|2 Blitz"]
[Site "Chess.com"]
[Date "2015.12.01"]
[Round "1"]
[White "UltimateCrusher2"]
[Black "simplerXiao"]
[Result "0-1"]
[WhiteElo "2032"]
[BlackElo "2338"]
[TimeControl "180+2"]
[EndTime "17:09:15 PST"]
[Termination "simplerXiao won by resignation"]

1. Nf3 d5 2. g3 Nc6 3. d4 Bg4 4. Bg2 Qd7 5. Ne5 Nxe5 6. dxe5 O-O-O 7. O-O Bh3 8. c4 Bxg2 9. Kxg2 Qc6 10. Kg1 dxc4 11.
Qc2 h5 12. h4 Nh6 13. Na3 Ng4 14. Qxc4 Nxe5 15. Qf4 Qe6 16. Be3 a6 17. Rac1 g5 18.
hxg5 f6 19. gxf6 exf6 20. Qh4 Be7 21. Nc4 Ng4 22. Bf4 Kb8 23. Ne3 Ne5 24. Bxe5 fxe5 25. Qc4 Qc8 26. Nd5 Bd6 27. Rc2 h4 28. Rfc1 hxg3 29.
fxg3 Rdg8 30. Nxc7 Rxg3+ 31. Kf2 Rh2+ 32. Ke1 Rg1+ 33. Kd2 Rxc1 34. Kxc1 Bxc7 35. Qe4 Rh6 36. Rc3 Rc6 37. Rxc6 bxc6 38. Qxc6 Bd8 39. Qxc8+ Kxc8 40. e4 Kc7 41. Kc2 Kc6 42. b4 Bb6 43. Kb3 Bd4 44. a4 Ba1 45. Kc4 Bd4 46. Kb3 a5 47. bxa5 Kb7 48. Ka3 Ka6 49. Kb4 Ba1 50. Ka3 Kxa5 51.
Kb3 Bd4 52. Ka3 Bc5+ 53. Kb3 Bb4 54. Kc4 Kxa4 55. Kd5 Bc3 56. Kc4 Bd4 0-1

[Event "*** Titled Tuesday 3|2 Blitz"]
[Site "Chess.com"]
[Date "2015.12.01"]
[Round "1"]
[White "Gabrielian_Artur"]
[Black "KnightSeeSix"]
[Result "1-0"]
[WhiteElo "2501"]
[BlackElo "2173"]
[TimeControl "180+2"]
[EndTime "17:09:23 PST"]
[Termination "Gabrielian_Artur won by checkmate"]

1. Nf3 Nf6 2. g3 g6 3. Bg2 Bg7 4. O-O O-O 5. d4 d5 6. c4 c6 7. Qa4 Nbd7 8. cxd5 Nb6 9. Qa3 cxd5 10. Nc3 Ne4 11. Bf4 Bd7 12. Rac1 Re8 13. Ne5 Nxc3 14. Rxc3 Bb5 15. Re1 f6 16. Nd3 Nc4 17. Qb3 Bc6 18. Nb4 e5 19. dxe5 fxe5 20. Bc1 e4 21. Rxc4 dxc4 22.
Qxc4+ Kh8 23. Nxc6 bxc6 24. Bxe4 Rc8 25. Bd3 Qa5 26.
Rd1 Red8 27. b4 Qa4 28. Rf1 Rd4 29. Qe6 Rdd8 30. a3 a5 31. bxa5 Qxa5 32. h4 Qe5 33.
Qg4 c5 34. Bf4 Qd4 35. h5 c4 36. Bc2 Qb2 37. Bb1 Rc6 38. hxg6 Qb7 39. Qh4 Bd4 40. Rd1 Bxf2+ 41. Kxf2 Rxd1 42. Be5+ Kg8 43. gxh7+ Kf7 44. Qf4+ Ke7 45. h8=Q Qb6+ 46. Bd4 Qxb1 47.
Qhe5+ Kd7 48. Qf7+ Kc8 49. Qee8# 1-0

[Event "*** Titled Tuesday 3|2 Blitz"]
[Site "Chess.com"]
[Date "2015.12.01"]
[Round "1"]
[White "pedromartinez91"]
[Black "DanielNaroditsky"]
[Result "0-1"]
[WhiteElo "2182"]
[BlackElo "2507"]
[TimeControl "180+2"]
[EndTime "17:09:35 PST"]
[Termination "DanielNaroditsky won by checkmate"]

1. e4 e5 2. Nf3 Nc6 3. Bb5 a6 4. Ba4 Nf6 5. O-O Be7 6. d3 b5 7. Bb3 d6 8. a3 O-O 9. h3 Na5 10. Ba2 c5 11. Bg5 Be6 12. Nc3 c4 13. d4 Qc7 14. Qd2 Rad8 15. d5 Bd7 16. b4 cxb3 17.
cxb3 Rc8 18. Rac1 Qb8 19. Bxf6 Bxf6 20. Ne2 Qb6 21. Ng3 g6 22. Qd3 Nb7 23. b4 a5 24. Qd2 Bg7 25. Rxc8 Rxc8 26. Rc1 Rxc1+ 27. Qxc1 axb4 28. axb4 h6 29. Qc3 Bf6 30. Nh2 h5 31. Ne2 Bh4 32. g3 Bd8 33. Kg2 Qa7 34. Bb1 Bb6 35. f4 Qa4 36. Bc2 Qa2 37. Nf3 f6 38. Nh4 Kg7 39. f5 g5 40. Ng6 Nd8 41. Ne7 Qa7 42. Nc6 Bxc6 43. dxc6 Qc7 44. Bb3 Qxc6 45. Qd3 Kf8 46. Bd5 Qd7 47. Nc3 Qa7 48. Nxb5 Qa1 49. Qf1 Qb2+ 50. Kh1 Qxb4 51. Ba2 Nc6 52. Qc4 Qe1+ 53. Kg2 Qf2+ 54. Kh1 Qg1# 0-1